 Dungeon Crawl Stone Soup version 0.23-a0-359-g9beedce (webtiles) character file.

95 Amnesiac the Sneak (level 4, -5/30 HPs)
             Began as a Vampire Earth Elementalist on Oct 23, 2018.
             Slain by a gnoll (8 damage)
             ... on level 2 of the Dungeon.
             The game lasted 00:04:28 (1171 turns).

Amnesiac the Sneak (Vampire Earth Elementalist)     Turns: 1171, Time: 00:04:29

Health: -5/30      AC:  2    Str:  8    XL:     4   Next: 40%
Magic:  0/8        EV: 12    Int: 22    God:
Gold:   65         SH:  0    Dex: 14    Spells: 5/8 levels left

rFire    . . .     SeeInvis +   e - +0 dagger
rCold    . . .     Gourm    .   (no shield)
rNeg     . . .     Faith    .   c - +0 robe
rPois    .         Spirit   .   (no helmet)
rElec    .         Reflect  .   (no cloak)
rCorr    .         Harm     .   (no gloves)
MR       .....                  (no boots)
Stlth    +++.......             (no amulet)
HPRegen  0.30/turn              (no ring)
MPRegen  0.11/turn              (no ring)

@: brilliant, flying, regenerating quickly
A: fangs 3, see invisible, unbreathing
a: no special abilities


You were on level 2 of the Dungeon.
You were full.

You visited 1 branch of the dungeon, and saw 2 of its levels.

You collected 65 gold pieces.

Inventory:

Hand Weapons
 e - a +0 dagger (weapon)
Missiles
 b - 17 stones (quivered)
Armour
 c - a +0 robe (worn)
Jewellery
 l - an uncursed amulet of faith
Scrolls
 g - a scroll of enchant weapon {!r, unknown}
 h - a scroll of magic mapping {!r, unknown}
 k - 2 scrolls of remove curse {!r, unknown}
Potions
 d - 5 potions of blood {!q}


   Skills:
 - Level 2.1 Dodging
 - Level 4.0 Stealth
 + Level 2.7 Spellcasting
 + Level 2.2 Transmutations
 - Level 4.0 Earth Magic


You had 5 spell levels left.
You knew the following spells:

 Your Spells              Type           Power        Failure   Level  Hunger
a - Sandblast             Erth           ####..       1%          1    None
b - Passwall              Tmut/Erth      ####....     1%          2    ##.....

Your spell library contained the following spells:

 Spells                   Type           Power        Failure   Level  Hunger
 Stone Arrow              Conj/Erth      ####..       2%          3    ###....
 Petrify                  Tmut/Erth      ####....     4%          4    ####...
 Lee's Rapid Deconstruct  Erth           ####......   8%          5    ######.


Dungeon Overview and Level Annotations

Branches:
Dungeon (2/15)

Altars:
Qazlal


Innate Abilities, Weirdness & Mutations

Your natural rate of healing is unusually fast.
You have razor-sharp teeth.
You have supernaturally acute eyesight. (SInv)
You can survive without breathing.


Message History

The gnoll closely misses you. The gnoll misses you.
Really quaff
d - 10 potions of blood {!q}?
Okay, then.
Really quaff
a - 3 murky silvery potions {!q}?
It was a potion of heal wounds {!q}.
You feel much better. The gnoll hits you with a +0 spear!
The gnoll closely misses you.
Really quaff
f - a blue potion {!q}?
It was a potion of curing {!q}.
You feel better. The gnoll hits you with a +0 spear.
The gnoll hits you but does no damage.
Really quaff
i - a brown potion {!q}?
It was a potion of flight {!q}.
You feel very buoyant.
You fly up into the air.
The rat twitches its whiskers.
The gnoll misses you. The gnoll hits you.
Really quaff
j - an amethyst potion {!q}?
It was a potion of brilliance {!q}.
You feel clever all of a sudden.
A kobold comes into view.
The gnoll hits you with a +0 spear. The gnoll hits you!
* * * LOW HITPOINT WARNING * * *
Really quaff
a - 2 potions of heal wounds {!q}?
You feel much better. The gnoll barely misses you. x2
Really quaff
d - 10 potions of blood {!q}?
Yummy - fresh blood!
The gnoll hits you with a +0 spear. The gnoll barely misses you.
Really quaff
d - 9 potions of blood {!q}?
Yummy - fresh blood!
The gnoll hits you with a +0 spear. The gnoll hits you but does no damage.
Really quaff
d - 8 potions of blood {!q}?
Yummy - fresh blood!
The gnoll hits you with a +0 spear. The gnoll hits you but does no damage.
Really quaff
d - 7 potions of blood {!q}?
Yummy - fresh blood!
The gnoll closely misses you. The gnoll barely misses you.
Really quaff
d - 6 potions of blood {!q}?
Yummy - fresh blood!
The gnoll hits you with a +0 spear!
* * * LOW HITPOINT WARNING * * *
The gnoll hits you.
* * * LOW HITPOINT WARNING * * *
Unknown command.
Really quaff
a - a potion of heal wounds {!q}?
You feel much better. The gnoll hits you with a +0 spear! The gnoll hits you.
* * * LOW HITPOINT WARNING * * *
Casting: Sandblast (safe; 1% risk of failure)
Confirm with . or Enter, or press ? or * to list all spells.
Aiming: Sandblast (safe; 1% risk of failure)
Press: ? - help, Shift-Dir - straight line, f/p - gnoll
Aim: a gnoll, wielding a +0 spear (moderately wounded)
The blast of sand hits the gnoll.
You kill the gnoll!
b - 17 stones The gnoll misses you.
Unknown command.
You barely miss the rat. The rat bites you.
* * * LOW HITPOINT WARNING * * *
The gnoll hits you!
* * * LOW HITPOINT WARNING * * *
You hit the rat.
The rat is heavily wounded.
The rat closely misses you. The gnoll closely misses you.
You hit the rat.
You kill the rat!
The gnoll hits you!
You die...

..# ..# ### .## #..
?.. ## ## #.# #.#
##.# #.# #.#
#.#........ #.#
#.......#.# #K#
#.##.#..#.###g#
#.......#...)@#
#.##......########
####.##...##.##.....#
.....#....##.##....†#
....................#
....##....##.##.....#
##.####...##.##...###
#..# #........#.##
##.#####.#.>....#


You could see a gnoll and a kobold.

Vanquished Creatures
  4 adders (D:2)
  3 gnolls (D:2)
  2 dart slugs (D:2)
  2 bats (D:1)
  4 giant cockroaches
  4 goblins
  A hobgoblin (D:2)
  3 frilled lizards
  5 kobolds
  2 rats (D:2)
30 creatures vanquished.

Notes
Turn   | Place    | Note
-------+----------+-------------------------------------------
     0 | D:1      | Amnesiac the Vampire Earth Elementalist began the quest for
                  | the Orb.
     0 | D:1      | Reached XP level 1. HP: 13/13 MP: 3/3
   149 | D:2      | Reached XP level 2. HP: 19/19 MP: 5/5
   153 | D:2      | Learned a level 2 spell: Passwall
   370 | D:1      | Reached XP level 3. HP: 17/24 MP: 3/6
   812 | D:2      | Found a stormy altar of Qazlal.
  1152 | D:2      | Reached XP level 4. HP: 30/30 MP: 2/7
  1171 | D:2      | Slain by a gnoll

Vault maps used:
D:1:      scummos_arrival_checkerplants, solitary_fountain
D:2:      nicolae_qazlal_eye_of_the_storm, led_sif_pool

Skill      XL: |  1  2  3  4 |
---------------+-------------+-----
Stealth        | 4 |  4.0
Earth Magic    | 4 |  4.0
Transmutations | 2 |  2.2
Dodging        | |  2.1
Spellcasting   | |  2.7

Action                   |  1- 3 |  4- 6 || total
-------------------------+-------+-------++-------
Melee: Unarmed           |    12 |       ||    12
       Dagger            |    40 |     4 ||    44
       Bite              |     2 |       ||     2
 Cast: Sandblast         |    33 |     5 ||    38
       Passwall          |     4 |       ||     4
  Use: Potion            |       |    11 ||    11
 Stab: Sleeping          |     7 |       ||     7
Armor: Robe              |    13 |     3 ||    16
Dodge: Dodged            |    44 |    14 ||    58

Table legend:
 A = Non-vault XP
 B = Vault XP
 C = Vault XP percentage of total XP
 D = Non-vault monster count
 E = Vault monster count
 F = Vault count percentage of total count
                 A         B        C        D         E       F
            +---------+---------+-------+---------+---------+-------
      Total |     137 |       0 |   0.0 |      30 |       0 |   0.0
            +---------+---------+-------+---------+---------+-------
        D:1 |      13 |       0 |   0.0 |       9 |       0 |   0.0
        D:2 |     124 |       0 |   0.0 |      21 |       0 |   0.0
            +---------+---------+-------+---------+---------+-------
